 Dungeon Crawl Stone Soup version 0.30.1-9-gdf580d7c3d (webtiles) character file.

Game seed: 6252123553847069425

252 Zalbag the Magician (level 6, -6/42 HPs)
             Began as a Djinni Fire Elementalist on Oct 25, 2023.
             Was an Initiate of Yredelemnul.
             Mangled by a scorpion (7 damage)
             ... on level 4 of the Dungeon.
             The game lasted 00:06:41 (1906 turns).

Zalbag the Magician (Djinni Fire Elementalist)      Turns: 1906, Time: 00:06:42

Health: -6/42      AC:  3    Str:  7    XL:     6   Next: 36%
Gold:   137        EV: 12    Int: 19    God:    Yredelemnul [......] SH:  0 Dex: 13

rFire   + + .        g - +0 dagger
rCold   x . .        (no shield)
rNeg    . . .        a - +0 robe
rPois   ∞            (no helmet)
rElec   .            (no cloak)
rCorr   .            m - +0 pair of gloves
SInv    .            (boots unavailable)
Will    .....        d - amulet of regeneration
Stlth   ++           (no ring)
HPRegen 1.07/turn    (no ring)
MPRegen 0.00/turn

%: infuse magic (-7 HP)
@: flying
A: sickness immunity, fire resistance 2, cold vulnerability 1, float, innate
caster, HP casting, extra vitality 1
a: Renounce Religion, Recall Undead Harvest


You were on level 4 of the Dungeon.
You worshipped Yredelemnul.
Yredelemnul was noncommittal.
You visited 1 branch of the dungeon, and saw 4 of its levels.

You collected 137 gold pieces.

Inventory:

Hand Weapons
 b - a +0 club
 g - a +0 dagger (weapon)
 u - a +0 short sword
Missiles
 j - 17 poisoned darts
 v - 3 boomerangs
 x - 2 curare-tipped darts
Armour
 a - a +0 robe (worn)
 m - a +0 pair of gloves (worn)
Jewellery
 d - an amulet of regeneration (around neck)
 n - a ring of see invisible
 t - a ring of fire
Scrolls
 e - 2 scrolls of noise {unknown}
 f - a scroll of torment {unknown}
 h - 5 scrolls of identify {unknown}
 o - a scroll of teleportation {unknown}
 p - a scroll of immolation {unknown}
 y - a scroll of vulnerability {unknown}
Potions
 c - a potion of heal wounds {unknown}
 i - 2 potions of might {unknown}
 k - 2 potions of mutation {unknown}
 l - a potion of resistance {unknown}
 q - a potion of invisibility {unknown}
 r - a potion of attraction {unknown}
 s - a potion of degeneration {unknown}
 w - a potion of curing {unknown}
 z - a potion of cancellation {unknown}


   Skills:
 + Level 1.6 Fighting
 - Level 2.3 Dodging
 - Level 1.7 Stealth
 * Level 4.5 Spellcasting
 + Level 1.6 Invocations


You knew the following spells:

 Your Spells              Type           Power      Damage    Failure   Level
a - Foxfire               Conj/Fire      84%        2x1d8     1%          1
b - Scorch                Fire           42%        2d6       3%          2
c - Volatile Blastmotes   Fire/Tloc      42%        2d13      6%          3
d - Inner Flame           Hex/Fire       21%        N/A       6%          3
e - Flame Wave            Conj/Fire      21%        2d8       21%         4
f - Sting                 Tmut/Pois      84%        1d7       1%          1
g - Blink                 Tloc           42%        N/A       3%          2
Your spell library was empty.

Dungeon Overview and Level Annotations

Branches:
Dungeon (4/15)
 Temple: D:4-7

Altars:
Yredelemnul

Shops:
D:4 =

Annotations:
D:3 2 transporters, HospitalGownGirl's ghost, amateur HuCj


Innate Abilities, Weirdness & Mutations

You are immune to sickness and miasma.
You are immune to poison.
Your flesh is very heat resistant. (rF++)
You are vulnerable to cold. (rC-)
You float through the air rather than walking.
You learn spells naturally, not from books.
Your magical power is your life essence.
You have superior vitality. (+4 MHP)


Message History

* * * LOW HITPOINT WARNING * * *
The jackal barely misses your orc wizard zombie.
Your orc wizard zombie hits the jackal.
Unknown command.
The jackal bites your jackal zombie.
The jackal bites your orc wizard zombie.
Your orc wizard zombie barely misses the jackal.
The scorpion stings you.
* * * LOW HITPOINT WARNING * * *
Unknown command.
The scorpion is no longer more vulnerable to fire.
Your jackal zombie barely misses the scorpion.
The jackal barely misses your jackal zombie.
Your orc wizard zombie hits the jackal but does no damage.
Your jackal zombie barely misses the scorpion.
Something bites your jackal zombie. The jackal bites your jackal zombie.
The jackal bites your jackal zombie.
Your jackal zombie is destroyed!
The scorpion stings you but does no damage.
Casting: Scorch (safe; 3% risk of failure)
Confirm with . or Enter, or press ? or * to list all spells.
Flames lash the jackal.
You kill the jackal!
* * * LOW HITPOINT WARNING * * *
The scorpion misses you.
Unknown command.
The scorpion attacks as you move away! The scorpion barely misses you.
The scorpion attacks as you move away!
The scorpion stings you but does no damage.
The scorpion misses you. The scorpion attacks as you move away!
The scorpion stings you!
* * * LOW HITPOINT WARNING * * *
The scorpion attacks as you move away! The scorpion stings you.
* * * LOW HITPOINT WARNING * * *
The scorpion stings you.
* * * LOW HITPOINT WARNING * * *
The scorpion attacks as you move away! The scorpion stings you!
You die...
Your body rises from the dead as a mindless zombie.

.## ##...#.S.##.##.#
.#
..###..Sh..#.##....#
.#
...#.Z######S##.##(#
.# ######## .))o.##
#..o....##.####.......
)##Z..#
####.......#.......###
.##...#
#S.#.#.##.##.##.###
###...#
#..#.........##....
#...#
#hs###.##.#####.#..
#...#
#.@###.##.......#♣.
#...#
#:.....#.....##..##
.....
####<###.....##....
#...........##...#
#.#.###....>###...
#.#)# #.....# ### .
#.# ####### ## ..# ###


You could see a scorpion, an orc, a jackal and a ball python.

Vanquished Creatures
  An iguana (D:4)
  3 orc wizards
  3 gnolls (D:2)
  3 adders
  2 worms (D:2)
  13 orcs
  4 ball pythons
  5 bats
  2 endoplasms
  3 giant cockroaches
  6 goblins
  4 jackals
  4 quokkas
  3 frilled lizards
  4 kobolds
  4 rats
64 creatures vanquished.

Vanquished Creatures (collateral kills)
  A worm (D:3)
  2 endoplasms
  2 hobgoblins (D:1)
  3 ball pythons
  2 bats
  4 kobolds (D:1)
  A rat (D:1)
15 creatures vanquished.

Vanquished Creatures (others)
  An adder zombie (D:1)
  2 bat zombies
  A ball python zombie (D:3)
  A giant cockroach zombie (D:3)
  A gnoll zombie (D:2)
  2 goblin zombies
  2 jackal zombies
  A kobold zombie (D:3)
  3 orc zombies
  A quokka zombie (D:2)
  A rat zombie (D:3)
  17 foxfires
33 creatures vanquished.

Grand Total: 112 creatures vanquished

Notes
Turn   | Place    | Note
-------+----------+-------------------------------------------
     0 | D:1      | Zalbag the Djinni Fire Elementalist began the quest for the
                  | Orb.
     0 | D:1      | Zalbag set off with the following spells memorised:
                  | Foxfire, Scorch, Volatile Blastmotes, Inner Flame, Flame
                  | Wave.
     0 | D:1      | Reached XP level 1. HP: 15/15 MP: 0/0
    16 | D:1      | Found a faded altar of an unknown god.
    35 | D:1      | Prayed at the altar of an unknown god.
    35 | D:1      | Became a worshipper of Yredelemnul the Dark
    35 | D:1      | Reached * piety under Yredelemnul
   120 | D:1      | Reached XP level 2. HP: 12/21 MP: 0/0
   178 | D:1      | Reached ** piety under Yredelemnul
   178 | D:1      | Reached skill level 3 in Spellcasting
   251 | D:1      | Reached XP level 3. HP: 25/25 MP: 0/0
   251 | D:1      | Learned a level 1 spell: Sting
   693 | D:2      | Reached XP level 4. HP: 29/31 MP: 0/0
   967 | D:2      | Reached skill level 4 in Spellcasting
  1337 | D:3      | Reached XP level 5. HP: 34/35 MP: 0/0
  1337 | D:3      | Learned a level 2 spell: Blink
  1541 | D:3      | Found a transporter.
  1545 | D:3      | Noticed HospitalGownGirl's ghost (amateur HuCj)
  1611 | D:3      | Reached skill level 1 in Fighting
  1733 | D:3      | Found a transporter.
  1754 | D:4      | Reached skill level 1 in Invocations
  1771 | D:4      | Found Siys's Jewellery Boutique.
  1879 | D:4      | Reached XP level 6. HP: 35/42 MP: 0/0
  1904 | D:4      | HP: 2/42 [scorpion (6)]
  1906 | D:4      | Mangled by a scorpion

Illustrated notes

Levels and vault maps discovered:
D:1:      dpeg_arrival_rooms_a, layout_rooms, dreamdust_ecumenical_altar_grove
D:2:      layout_loops_ring, nicolae_concentric_dashed_squares_mild
D:3:      layout_rooms, gammafunk_ghost_mausoleum
D:4:      layout_loops_cross, tso_oasis_becter, serial_shops,
          nicolae_shop_crystal, shop, nicolae_shop_pleasant_corner_grove,
          dreamdust_wishing_well, grunt_ministairs_9, kennysheep_generic_room_15

Skill      XL: |  1  2  3  4  5 |
---------------+----------------+-----
Spellcasting   | 3 4 |  4.5
Fighting       | 1 |  1.6
Invocations    | 1 |  1.6
Dodging        | |  2.3
Stealth        | |  1.7

Action                     |  1- 3 |  4- 6 || total
---------------------------+-------+-------++-------
  Melee: Club              |    22 |       ||    22
         Dagger            |    38 |    31 ||    69
   Cast: Scorch            |    10 |    51 ||    61
         Foxfire           |     3 |     9 ||    12
 Invoke: Recall Undead Har |       |     1 ||     1
   Stab: Distracted        |     1 |       ||     1
         Sleeping          |     1 |     1 ||     2
 Armour: Robe              |    21 |    18 ||    39
  Dodge: Dodged            |    64 |    30 ||    94
